 Dungeon Crawl Stone Soup version 0.17-a0-2027-gcac42c4 (webtiles) character file.

1113 Ijustatesigmund the Sneak (level 8, -13/50 HPs)
             Began as an Octopode Transmuter on Oct 10, 2015.
             Mangled by an orc warrior
             ... wielding a +0 war axe
              (15 damage)
             ... on level 8 of the Dungeon.
             The game lasted 00:43:16 (8627 turns).

Ijustatesigmund the Sneak (Octopode Transmuter)     Turns: 8627, Time: 00:43:17

Health: -13/50     AC:  2    Str:  9    XL:     8   Next: 33%
Magic:  4/13       EV: 19    Int: 18    God:
Gold:   209        SH:  0    Dex: 17    Spells: 4 memorised, 6 levels left

rFire  . . .     SeeInvis .       - Unarmed
rCold  . . .     Clarity  .     (shield currently unavailable)
rNeg   + . .     SustAt   +     (helmet currently unavailable)
rPois  x         Gourm    .     (no amulet)
rElec  .         Spirit   .     p - ring of positive energy
rCorr  .         Warding  .     w - ring of sustain attributes
rMut   .         Stasis   .     (no ring)
MR     .....                    (no ring)
Stlth  +++++.....               (no ring)
                                (no ring)
                                (no ring)
                                (no ring)

@: spider-form, not resistant to hostile enchantments, quite stealthy
A: almost no armour, amphibious, 8 rings, (constrict 8), (camouflage 0),
(gelatinous body 0)
a: End Transformation


You were on level 8 of the Dungeon.
You were not hungry.
You were a venomous arachnid creature.
You visited 1 branch of the dungeon, and saw 8 of its levels.
You also visited: Sewer.

You collected 209 gold pieces.

Inventory:

Hand Weapons
 d - a +0 dagger of draining
 e - a cursed -3 dagger (melded)
 f - a +0 dagger
 i - a +0 hunting sling
 s - a +1 rapier of draining
 v - a +0 blowgun
Missiles
 j - 17 arrows of frost
 k - 92 stones (quivered)
 t - 24 poisoned needles
 u - 5 tomahawks
 x - 3 arrows
Armour
 a - a +0 buckler
Jewellery
 p - a ring of positive energy (left front leg)
 w - a ring of sustain attributes (right front leg)
 A - an uncursed amulet of faith
Wands
 l - a wand of flame (12)
Scrolls
 q - 3 scrolls of amnesia
Potions
 h - 2 potions of curing
 m - a potion of mutation
 n - a potion of might
 o - 2 potions of heal wounds {unknown}
 r - a potion of brilliance {unknown}
Books
 b - a book of Changes

   Spells                             Type                      Level
   a - Beastly Appendage              Transmutation                1
   b - Sticks to Snakes               Transmutation                2
   c - Spider Form                    Transmutation/Poison         3
   d - Ice Form                       Ice/Transmutation            4
   e - Blade Hands                    Transmutation                5
 y - a book of Conjurations

   Spells                             Type                      Level
   a - Magic Dart                     Conjuration                  1
   b - Searing Ray                    Conjuration                  2
   c - Dazzling Spray                 Conjuration/Hexes            3
   d - Fulminant Prism                Conjuration/Hexes            4
   e - Iskenderun's Mystic Blast      Conjuration                  4
   f - Iskenderun's Battlesphere      Conjuration/Charms           5
Comestibles
 c - 4 bread rations
 g - 9 fruits


   Skills:
 - Level 2.1 Fighting
 - Level 3.0 Short Blades
 - Level 2.0 Throwing
 - Level 2.0 Dodging
 + Level 7.4 Stealth
 - Level 3.0 Unarmed Combat
 + Level 3.6 Spellcasting
 + Level 2.5 Conjurations
 - Level 4.0 Transmutations
 - Level 3.4 Poison Magic


You had 6 spell levels left.
You knew the following spells:

 Your Spells              Type           Power        Failure   Level  Hunger
a - Beastly Appendage     Trmt           ###...       12%         1    None
b - Sticks to Snakes      Trmt           ###.......   17%         2    ##.....
c - Spider Form           Trmt/Pois      ###.......   28%         3    ###....
d - Searing Ray           Conj           ##....       28%         2    ##.....


Dungeon Overview and Level Annotations

Branches:
Dungeon (8/15)
 Temple: D:4-7         Lair: D:8-11

Altars:
Ashenzari
Dithmenos
Qazlal
Sif Muna
Trog
Vehumet
The Shining One

Annotations:
D:4 Alipheese's ghost, amateur NaGl
D:7 Alipheese's ghost, novice NaGl


Innate Abilities, Weirdness & Mutations

You cannot wear most types of armour.
You are amphibious.
You can wear up to eight rings at the same time.
((You can use your tentacles to constrict eight enemies at once.))
((Your skin changes colour to match your surroundings (Stealth).))
((Your rubbery body absorbs attacks (AC +1).))


Message History

Casting: Searing Ray
Confirm with . or Enter, or press ? or * to list all spells.
You turn into a venomous arachnid creature.
Your cursed -3 dagger melds into your body.
The orc hits you.
* * * LOW HITPOINT WARNING * * *
The orc wizard shouts!
The orc wizard hits you but does no damage.
The orc wizard misses you.
The orc wizard gestures wildly while chanting.
The orc wizard flickers and vanishes!
Deactivating autopickup; reactivate with Ctrl-A.
There is a stone staircase leading down here.
The orc warrior closely misses you. Something hits you.
* * * LOW HITPOINT WARNING * * *
You climb downwards.
There is a stone staircase leading up here.
You hit something but do no damage.
The orc warrior hits you with a war axe!
You die...

........####.##.........#
#.####.## #.##..######## #.# #.#
#.##..################ #.####.##
#.##...............).#
......#.####.###.##############.#
#.#..###.....# #.# #.#
..#...#.###### #.# #.# ##.....##
#[######### #.# ##...###
#so.......# #.# .....#
#########.######.# ##.#.#
#.##.....# #.#.#
#############.##.##### #.#.#
#..........##.##.# #.#.#
#.########.##.##.# ##.#.# #.#
#.##.##.# .รท...# #.# #.##.##.#
##.### #.# ######.##.##.#


You could see an orc warrior.

Vanquished Creatures
  A sky beast (D:7)
  A black bear (D:8)
  A big kobold (Sewer)
  3 giant frogs
  A giant frog skeleton (D:4)
  2 orc wizards
  Crazy Yiuf (D:2)
  An orc priest (D:4)
  An iguana (D:6)
  8 gnolls
  11 adders
  5 oozes
  An adder zombie (D:8)
  2 worms
  6 giant geckos
  8 orcs
  6 bats
  10 goblins
  6 hobgoblins
  11 jackals
  4 ball pythons (Sewer)
  9 giant cockroaches
  6 giant newts
  12 kobolds
  2 quokkas
  10 rats
129 creatures vanquished.

Vanquished Creatures (collateral kills)
  A black bear (D:8)
  2 big kobolds (Sewer)
  A gnoll sergeant (D:8)
  5 gnolls (D:8)
  An adder zombie (D:8)
  A worm (Sewer)
  2 kobolds (Sewer)
  A ball python (Sewer)
  A rat (Sewer)
15 creatures vanquished.

Vanquished Creatures (others)
  A kobold (D:2)
1 creature vanquished.

Grand Total: 145 creatures vanquished

Notes
Turn   | Place    | Note
--------------------------------------------------------------
     0 | D:1      | Ijustatesigmund the Octopode Transmuter began the quest for the Orb.
     0 | D:1      | Reached XP level 1. HP: 13/13 MP: 3/3
    74 | D:1      | Reached skill level 1 in Stealth
   176 | D:1      | Reached XP level 2. HP: 12/18 MP: 5/5
   180 | D:1      | Learned a level 2 spell: Sticks to Snakes
   912 | D:2      | Reached skill level 1 in Short Blades
   912 | D:2      | Reached XP level 3. HP: 23/23 MP: 6/6
   920 | D:2      | Learned a level 3 spell: Spider Form
  1300 | D:2      | Found a stormy altar of Qazlal.
  1375 | D:2      | Reached XP level 4. HP: 20/28 MP: 7/7
  1808 | D:2      | Found a glowing golden altar of the Shining One.
  2266 | D:2      | Noticed Crazy Yiuf
  2278 | D:2      | Killed Crazy Yiuf
  2278 | D:2      | Reached skill level 4 in Stealth
  2622 | D:2      | Reached XP level 5. HP: 24/33 MP: 8/8
  3069 | D:3      | Reached skill level 1 in Poison Magic
  3294 | D:4      | Noticed an ogre
  3301 | D:4      | Found a radiant altar of Vehumet.
  3301 | D:4      | Noticed Alipheese's ghost (amateur NaGl)
  3424 | D:4      | Found a glowing drain.
  3428 | Sewer    | Entered a sewer
  3518 | Sewer    | Reached skill level 5 in Stealth
  3518 | Sewer    | Reached XP level 6. HP: 9/38 MP: 1/9
  4625 | D:4      | Found a shattered altar of Ashenzari.
  4625 | D:4      | Found a shadowy altar of Dithmenos.
  4625 | D:4      | Found a deep blue altar of Sif Muna.
  5526 | D:3      | Reached XP level 7. HP: 6/43 MP: 10/10
  5921 | D:3      | Reached skill level 1 in Throwing
  6129 | D:5      | Entered Level 5 of the Dungeon
  6134 | D:5      | Reached skill level 6 in Stealth
  6495 | D:4      | You fall through a shaft for 3 floors!
  6495 | D:7      | Found a bloodstained altar of Trog.
  6495 | D:7      | Noticed a moth of wrath
  6831 | D:7      | Learned a level 2 spell: Searing Ray
  6931 | D:7      | Noticed Alipheese's ghost (novice NaGl)
  7041 | D:8      | Reached skill level 1 in Conjurations
  7234 | D:8      | Reached XP level 8. HP: 50/50 MP: 4/12
  7416 | D:8      | Reached skill level 7 in Stealth
  8614 | D:7      | HP: 2/50 [orc (2)]
  8625 | D:7      | HP: 2/50 [something (2)]
  8627 | D:8      | Mangled by an orc warrior

Vault maps used:
D:1:      sevenhm_arrival_forest_fort_large_2
D:2:      grunt_qazlal_clouds, kennysheep_small_spiral, tso_metal_star,
          uniq_crazy_yiuf_cottage
D:3:      kennysheep_crisscross
D:4:      fedhas_altar_1, grunt_temple_overflow_open, gup_sewer_entry_spiral,
          vehumet_altar_wand_db
D:5:      minmay_temple_entry_statues, first_bread
D:6:      grunt_temple_overflow_gold_and_silver, serial_shops, kennysheep_mini,
          corner_web_ring
D:7:      tgw_trog, slow_altar_2
Sewer:    sewer_co_15_rooms

Action                   |  1- 3 |  4- 6 |  7- 9 || total
-------------------------+-------+-------+-------++-------
Melee: Dagger            |    70 |   206 |    90 ||   366
       Unarmed           |     4 |       |     1 ||     5
Throw: Stone             |       |    53 |    19 ||    72
 Cast: Sticks to Snakes  |       |    28 |    24 ||    52
       Searing Ray       |       |       |     9 ||     9
       Spider Form       |       |       |     1 ||     1
  Use: Scroll            |     4 |     9 |     2 ||    15
       Potion            |       |     3 |     7 ||    10
 Stab: Sleeping          |    12 |    21 |    10 ||    43
       Distracted        |     1 |       |       ||     1
  Eat: Chunk             |     1 |    12 |     6 ||    19
       Beef jerky        |       |     2 |       ||     2
       Bread ration      |       |       |     1 ||     1
       Fruit             |       |       |     1 ||     1
